 Dungeon Crawl Stone Soup version 0.32-a0-128-g77eb882913 (webtiles) character file.

Game seed: 11974228185959277337

12107 pokeman the Eclecticist (level 11, -1/61 HPs)
             Began as a Deep Elf Hedge Wizard on Feb 8, 2024.
             Was an Elder of Vehumet.
             Slain by a white ugly thing (9 damage)
             ... in an ice cave.
             The game lasted 00:31:42 (12914 turns).

pokeman the Eclecticist (Deep Elf Hedge Wizard)    Turns: 12914, Time: 00:31:43

Health: -1/61      AC:  9    Str:  7    XL:     11   Next: 58%
Magic:  15/32      EV: 13    Int: 24    God:    Vehumet [****..]
Gold:   512        SH:  0    Dex: 17    Spells: 22/41 levels left

rFire   . . .        b - +6 quarterstaff of the Equator {vamp, *Noise rElec rC+ Dex+3}
rCold   + . .        (shield currently unavailable)
rNeg    . . .        y - +0 steam dragon scales
rPois   .            c - +0 hat
rElec   +            s - +0 cloak
rCorr   .            N - +1 pair of gloves
SInv    .            (no boots)
Will    ++...        (no amulet)
Stlth   ++           u - ring of flight
HPRegen 0.30/turn    J - ring of willpower
MPRegen 0.23/turn

%: no passive effects
@: on blink cooldown, flying
A: no striking features
a: Renounce Religion


You were in an ice cave.
You worshipped Vehumet.
Vehumet was greatly pleased with you.
You visited 1 branch of the dungeon, and saw 11 of its levels.
You also visited: Bailey and Ice Cave.

You collected 668 gold pieces.
You spent 156 gold pieces at shops.

Inventory:

Hand Weapons
 b - the +6 quarterstaff of the Equator (weapon) {vamp, *Noise rElec rC+ Dex+3}
   (You took it off a spriggan in a bailey)

   Dex+3:     It affects your dexterity (+3).
   rC+:       It protects you from cold.
   rElec:     It insulates you from electricity.
   *Noise:    It may make a loud noise when swung.
 v - a +1 flail of protection
Missiles
 w - 2 curare-tipped darts
 C - a throwing net
Armour
 c - a +0 hat (worn)
 s - a +0 cloak (worn)
 y - +0 steam dragon scales (worn)
 B - a +0 buckler
 M - a +1 robe of fire resistance
 N - a +1 pair of gloves (worn)
Jewellery
 u - a ring of flight (left hand)
 E - a ring of resist corrosion
 I - a ring of fire
 J - a ring of willpower (right hand)
Wands
 a - a wand of light (18)
 x - a wand of flame (17)
 K - a wand of iceblast (5)
Scrolls
 e - 2 scrolls of amnesia
 f - a scroll of vulnerability
 h - a scroll of fog
 i - 13 scrolls of teleportation
 l - 3 scrolls of enchant weapon
 r - 2 scrolls of poison
 z - 3 scrolls of fear
 F - a scroll of noise
 G - a scroll of brand weapon {unknown}
Potions
 d - a potion of magic
 g - 3 potions of mutation
 j - a potion of cancellation
 k - 3 potions of curing
 m - 2 potions of berserk rage
 n - a potion of attraction
 o - a potion of ambrosia
 p - 4 potions of heal wounds
 q - 4 potions of haste
 t - 2 potions of might {unknown}
 A - a potion of invisibility {unknown}
 D - a potion of degeneration {unknown}
 H - 4 potions of brilliance {unknown}
 L - a potion of resistance {unknown}


   Skills:
 - Level 4.1 Fighting
 - Level 4.0 Armour
 - Level 3.0 Dodging
 - Level 3.1 Stealth
 + Level 3.2 Shields
 * Level 15.9 Spellcasting
 + Level 9.4 Conjurations
 - Level 1.1 Summonings
 - Level 1.1 Translocations
 + Level 7.7 Fire Magic
 - Level 1.0 Air Magic
 - Level 1.0 Earth Magic
 - Level 1.0 Alchemy
 - Level 1.0 Evocations


You had 22 spell levels left.
You knew the following spells:

 Your Spells              Type           Power      Damage    Failure   Level
a - Magic Dart            Conj           100%       1d8       1%          1
b - Mephitic Cloud        Conj/Alch/Air  37%        N/A       1%          3
c - Call Imp              Summ           48%        N/A       2%          2
d - Blink                 Tloc           48%        N/A       2%          2
e - Foxfire               Conj/Fire      100%       2x1d9     1%          1
f - Stone Arrow           Conj/Erth      88%        3d12      1%          3
g - Orb of Destruction    Conj           29%        9d9       13%         7

Your spell library contained the following spells:

 Spells                   Type           Power      Damage    Failure   Level
 Inner Flame              Hex/Fire       37%        N/A       1%          3
 Apportation              Tloc           48%        N/A       1%          1
 Sandblast                Erth           46%        2d11      1%          1
 Shock                    Conj/Air       100%       1d9       1%          1
 Sting                    Conj/Alch      100%       1d9       1%          1
 Summon Small Mammal      Summ           96%        N/A       1%          1
 Brom's Barrelling Bould  Conj/Erth      44%        2d6       1%          4
 Arcjolt                  Conj/Air       22%        1d32      2%          5
 Necrotise                Necr           76%        1d7       3%          1
 Slow                     Hex            76%        N/A       3%          1
 Cigotuvi's Dreadful Rot  Necr/Alch/Air  44%        N/A       3%          2
 Summon Blazeheart Golem  Fire/Summ      40%        N/A       4%          4
 Swiftness                Air            24%        N/A       5%          3
 Airstrike                Air            12%        2d(2-18)  5%          4
 Passwall                 Erth           23%        N/A       6%          3
 Vhi's Electric Charge    Tloc/Air       48%        N/A       19%         4
 Spellforged Servitor     Conj/Summ      22%        N/A       54%         7
 Maxwell's Capacitive Co  Air            12%        ∞         100%        8


Dungeon Overview and Level Annotations

Branches:
Dungeon (11/15)            Temple (0/1) D:5            Lair (0/5) D:11
    Orc (0/2) D:11         Bailey (visited)           IceCv (1/1)

Altars:
Elyvilon
Hepliaklqana
Nemelex Xobeh
Uskayaw
Vehumet
Wu Jian
Xom

Shops:
D:3 (   D:4 ?


Message History

Unknown command.
Casting: Stone Arrow (safe; 1% risk of failure)
Confirm with . or Enter, or press ? or * to list all spells.
You conjure some foxfire!
Casting: Foxfire (safe; 1% risk of failure)
Confirm with . or Enter, or press ? or * to list all spells.
You conjure some foxfire!
The foxfire hits the anaconda simulacrum.
The anaconda simulacrum melts!
The anaconda simulacrum is lightly damaged.
The foxfire hits the anaconda simulacrum!
The anaconda simulacrum melts!
The anaconda simulacrum is moderately damaged.
The foxfire hits the anaconda simulacrum.
The anaconda simulacrum is lightly damaged.
Casting: Foxfire (safe; 1% risk of failure)
Confirm with . or Enter, or press ? or * to list all spells.
You conjure some foxfire!
The foxfire hits the anaconda simulacrum!
The anaconda simulacrum melts!
The anaconda simulacrum is severely damaged.
The anaconda simulacrum grabs you. The anaconda simulacrum bites you!
The anaconda simulacrum freezes you! You resist.
The anaconda simulacrum constricts you. The anaconda simulacrum bites you!
The anaconda simulacrum freezes you! You resist.
* * * LOW HITPOINT WARNING * * *
Casting: Foxfire (safe; 1% risk of failure)
Confirm with . or Enter, or press ? or * to list all spells.
You escape the anaconda simulacrum's grasp.
You blink.
The foxfire hits the anaconda simulacrum.
The anaconda simulacrum melts!
The anaconda simulacrum is almost destroyed.
The foxfire hits the anaconda simulacrum!
The anaconda simulacrum melts!
The anaconda simulacrum is moderately damaged.
The white ugly thing gores you.
* * * LOW HITPOINT WARNING * * *
The white ugly thing freezes you! You resist.
You die...

############# #######
##.....#.....## ##.....#
##......#[.....###......#
..#.......#..Z....#.......#
.Z.........@uZ.§§....∩..∩.#
§.#.......#.....§.#.......#
##......#......###......#
##.....#[.)..## ##.....#
############# #######


You could see a white ugly thing and 2 anaconda simulacra.

Vanquished Creatures
  A centaur warrior (D:11)
  2 two-headed ogres
  2 ugly things
  3 ice statues (IceCv)
  An unseen horror (D:11)
  An anaconda simulacrum (IceCv)
  2 trolls
  A hornet (D:7)
  3 spriggans (Bailey)
  A wraith (D:9)
  A wyvern (D:9)
  12 yaks
  A warg (D:11)
  A death yak simulacrum (IceCv)
  2 steam dragons
  A harpy simulacrum (IceCv)
  An ice beast (D:6)
  2 black bears
  3 orc warriors
  7 ogres
  2 wolves (D:11)
  A centaur (D:6)
  2 kobold brigands
  A gnoll sergeant (D:7)
  2 bullfrogs
  A cane toad simulacrum (IceCv)
  2 scorpions (D:5)
  14 wights
  4 killer bees (D:8)
  2 electric eels (D:9)
  2 howler monkeys
  2 bombardier beetles
  A gnoll bouda (D:10)
  6 hounds
  6 iguanas
  9 orc priests
  13 orc wizards
  3 wolf simulacra (IceCv)
  10 gnolls
  10 adders
  A shadow imp (D:8)
  2 white imps (D:7)
  4 ufetubi
  4 dart slugs
  2 ribbon worms
  33 orcs
  4 bats (D:1)
  6 endoplasms
  3 giant cockroaches
  8 goblins
  11 hobgoblins
  4 jackals (D:1)
  14 kobolds
  A quokka (D:1)
  2 ball pythons (D:1)
  A frilled lizard (D:2)
  3 rats
244 creatures vanquished.

Vanquished Creatures (collateral kills)
  A ball python (D:4)
1 creature vanquished.

Vanquished Creatures (others)
  1071 foxfires
1071 creatures vanquished.

Grand Total: 1316 creatures vanquished

Notes
Turn   | Place    | Note
-------+----------+-------------------------------------------
     0 | D:1      | pokeman the Deep Elf Hedge Wizard began the quest for the
                  | Orb.
     0 | D:1      | Reached XP level 1. HP: 10/10 MP: 7/7
    37 | D:1      | Reached XP level 2. HP: 2/16 MP: 0/9
   595 | D:1      | Reached skill level 5 in Spellcasting
   733 | D:1      | Reached XP level 3. HP: 20/20 MP: 8/11
   739 | D:1      | Learned a level 3 spell: Mephitic Cloud
   742 | D:1      | Learned a level 2 spell: Call Imp
   745 | D:1      | Learned a level 2 spell: Blink
  1179 | D:1      | Reached skill level 1 in Armour
  1541 | D:2      | Reached skill level 1 in Fighting
  2117 | D:2      | Reached XP level 4. HP: 25/25 MP: 9/13
  2648 | D:3      | Found a radiant altar of Vehumet.
  2656 | D:3      | Became a worshipper of Vehumet
  2751 | D:3      | Found Ygaefop's Weapon Emporium.
  2855 | D:3      | Reached skill level 6 in Spellcasting
  2855 | D:3      | Reached XP level 5. HP: 23/29 MP: 1/15
  3174 | D:3      | Found a faded altar of an unknown god.
  3709 | D:4      | Reached skill level 1 in Air Magic
  3709 | D:4      | Reached skill level 1 in Alchemy
  3814 | D:4      | Noticed a yak
  3814 | D:4      | Noticed a yak
  3814 | D:4      | Noticed a yak
  3814 | D:4      | Noticed a yak
  3814 | D:4      | Noticed a yak
  3815 | D:4      | Noticed a yak
  3835 | D:4      | Killed a yak
  3836 | D:4      | Reached skill level 7 in Spellcasting
  3836 | D:4      | Reached XP level 6. HP: 34/34 MP: 14/18
  3836 | D:4      | Killed a yak
  3842 | D:4      | Killed a yak
  3843 | D:4      | Reached skill level 8 in Spellcasting
  3843 | D:4      | Reached XP level 7. HP: 40/40 MP: 8/20
  3846 | D:4      | Killed a yak
  3852 | D:4      | Killed a yak
  3853 | D:4      | Reached skill level 9 in Spellcasting
  3863 | D:4      | Killed a yak
  3864 | D:4      | Reached XP level 8. HP: 25/46 MP: 5/23
  3980 | D:4      | Reached * piety under Vehumet
  3980 | D:4      | Offered knowledge of Foxfire by Vehumet.
  3981 | D:4      | Reached skill level 5 in Conjurations
  3983 | D:4      | Learned a level 1 spell: Foxfire
  4281 | D:4      | Found Kegebb's Magic Scroll Shop.
  4288 | D:4      | Bought a scroll of identify for 26 gold pieces
  4288 | D:4      | Bought a scroll of teleportation for 39 gold pieces
  4288 | D:4      | Bought a scroll of identify for 26 gold pieces
  4288 | D:4      | Bought a scroll of identify for 26 gold pieces
  4288 | D:4      | Bought a scroll of teleportation for 39 gold pieces
  4494 | D:5      | Entered Level 5 of the Dungeon
  4507 | D:5      | Reached skill level 1 in Fire Magic
  4515 | D:5      | Reached skill level 10 in Spellcasting
  4719 | D:5      | Found a staircase to the Ecumenical Temple.
  4772 | D:5      | Found a white marble altar of Elyvilon.
  5027 | D:5      | Found a hide-covered altar of Uskayaw.
  5076 | D:5      | Found a shimmering altar of Xom.
  5254 | D:5      | Found a faded altar of an unknown god.
  5254 | D:5      | Found a hazy altar of Hepliaklqana.
  5256 | D:5      | Found a faded altar of an unknown god.
  5774 | D:6      | Learned a level 3 spell: Stone Arrow
  5930 | D:6      | Reached skill level 11 in Spellcasting
  6070 | D:6      | Reached skill level 1 in Earth Magic
  6070 | D:6      | Reached XP level 9. HP: 50/50 MP: 13/26
  6071 | D:6      | Reached ** piety under Vehumet
  6071 | D:6      | Offered knowledge of Scorch by Vehumet.
  6287 | D:6      | Reached skill level 1 in Evocations
  6539 | D:7      | Found a flagged portal.
  6556 | Bailey   | Entered a bailey
  6793 | Bailey   | Reached skill level 12 in Spellcasting
  6957 | Bailey   | Identified the +6 quarterstaff of the Equator {vamp, *Noise
                  | rElec rC+ Dex+3}
  6999 | Bailey   | Noticed a two-headed ogre
  7006 | Bailey   | Killed a two-headed ogre
  7007 | Bailey   | Reached skill level 5 in Fire Magic
  7007 | Bailey   | Reached XP level 10. HP: 56/56 MP: 19/28
  7189 | D:7      | Reached skill level 13 in Spellcasting
  7966 | D:8      | Offered knowledge of Momentum Strike by Vehumet.
  8060 | D:8      | Reached *** piety under Vehumet
  8977 | D:9      | Offered knowledge of Hailstorm by Vehumet.
  9250 | D:9      | Noticed a red ugly thing
  9250 | D:9      | Noticed a two-headed ogre
  9285 | D:9      | Killed a red ugly thing
  9286 | D:9      | Reached skill level 14 in Spellcasting
  9298 | D:9      | Killed a two-headed ogre
  9299 | D:9      | Reached skill level 1 in Shields
 10274 | D:10     | Entered Level 10 of the Dungeon
 10386 | D:10     | Reached XP level 11. HP: 53/61 MP: 18/31
 10390 | D:10     | Reached **** piety under Vehumet
 10535 | D:10     | Found a sparkling altar of Nemelex Xobeh.
 10706 | D:10     | Found an ornate altar of the Wu Jian Council.
 10731 | D:10     | Offered knowledge of Inner Flame by Vehumet.
 10752 | D:10     | Reached skill level 15 in Spellcasting
 11156 | D:11     | Found a staircase to the Orcish Mines.
 11199 | D:11     | Learned a level 7 spell: Orb of Destruction
 11242 | D:11     | Noticed a centaur warrior
 11244 | D:11     | Noticed a boulder beetle
 11247 | D:11     | Killed a centaur warrior
 11399 | D:11     | Found a staircase to the Lair.
 11451 | D:11     | Found a frozen archway.
 11465 | IceCv    | Entered an ice cave
 11680 | IceCv    | Noticed a white ugly thing
 11694 | IceCv    | Killed a white ugly thing
 12897 | IceCv    | Noticed a white ugly thing
 12914 | IceCv    | Slain by a white ugly thing

Illustrated notes

Levels and vault maps discovered:
D:1:      lightli_arrival_chessboard, layout_basic, minmay_stone_trees_large,
          minmay_tiny_reverse_x
D:2:      layout_basic, grunt_decor_arrowhead
D:3:      layout_rooms, mainiacjoe_overflow_paths, serial_shops, shop,
          shapermc_ecumenical_altar_mp_highgroup, st_stairs_6,
          hangedman_decor_push
D:4:      layout_basic, nicolae_stop_n_shop_2, minmay_distorted
D:5:      layout_basic, kennysheep_mini_moat, mainiacjoe_overflow_brackets,
          nicolae_hepliaklqana_ecumenical_no_more, elyvilon_altar_5,
          minmay_temple_entry_statues, grunt_decor_clamped
D:6:      layout_loops_cross
D:7:      layout_basic, enter_bailey_5
D:8:      layout_gridville
D:9:      layout_basic
D:10:     layout_cave_pools, nemelex_spade_bored_becter,
          nicolae_wu_jian_wuxing_cycle
D:11:     layout_gridville, erik_lair_orcish_takeover, orc_0_dummy,
          serial_shops, nicolae_shop_peninsula, portal_ice_cave_entry_pillars_1,
          chequers_serial_rivers_room_b, nrook_campfire, uniq_snorg
IceCv:    ice_cave_statue_garden_chambered

Skill      XL: |  1  2  3  4  5  6  7  8  9 10 11 |
---------------+----------------------------------+-----
Spellcasting   | 5 6 7 8 9 11 12 14 15 | 15.9
Armour         | 1 2 4 |  4.0
Fighting       | 1 2 3 4 |  4.1
Conjurations   | 2 3 4 6 7 8 9 |  9.4
Dodging        | 3 |  3.0
Stealth        | 3 |  3.1
Air Magic      | 1 |  1.0
Alchemy        | 1 |  1.0
Fire Magic     | 3 5 6 7 |  7.7
Earth Magic    | 1 |  1.0
Evocations     | 1 |  1.0
Shields        | 1 3 |  3.2
Summonings     | |  1.1
Translocations | |  1.1

Action                     |  1- 3 |  4- 6 |  7- 9 | 10-12 || total
---------------------------+-------+-------+-------+-------++-------
  Melee: Dagger            |     5 |    19 |    24 |       ||    48
         Punch             |       |     2 |     4 |       ||     6
         Flail             |       |       |    12 |       ||    12
         Quarterstaff      |       |       |       |    19 ||    19
   Cast: Magic Dart        |    91 |    95 |     7 |     3 ||   196
         Mephitic Cloud    |       |     8 |    15 |    21 ||    44
         Call Imp          |       |     2 |     1 |       ||     3
         Foxfire           |       |       |   171 |   411 ||   582
         Stone Arrow       |       |       |    11 |    69 ||    80
         Blink             |       |       |     1 |     2 ||     3
  Evoke: Wand              |       |       |       |     6 ||     6
    Use: Scroll            |       |       |    13 |     2 ||    15
   Stab: Sleeping          |       |     1 |       |       ||     1
         Confused          |       |       |     2 |     1 ||     3
 Armour: Robe              |    11 |    10 |    41 |       ||    62
         Steam dragon scal |       |       |       |   107 ||   107
  Dodge: Dodged            |    16 |    13 |    41 |    87 ||   157

Table legend: (Time is in decaauts)
 A = Elapsed time spent in this place.
 B = Non-inter-level travel time spent in this place.
 C = Inter-level travel time spent in this place.
 D = Time resting spent in this place.
 E = Time spent auto-exploring this place.
 F = Levels seen in this place.
 G = Mean time per level.
                   A        B        C        D        E       F      G
               +--------+--------+--------+--------+--------+-----+--------+
         Total |  12921 |  12687 |    234 |   1308 |   9314 |  13 |  993.9 |
       Dungeon |  10872 |  10638 |    234 |    330 |   8749 |  11 |  988.4 |
        Bailey |    599 |    599 |      0 |     26 |    379 |   1 |  599.0 |
      Ice Cave |   1449 |   1449 |      0 |    952 |    186 |   1 | 1449.0 |
               +--------+--------+--------+--------+--------+-----+--------+

Top non-repeatable levels by time:
     D:1: 1532 daAuts
   IceCv: 1449 daAuts
     D:9: 1335 daAuts
     D:8: 1138 daAuts
     D:2: 1107 daAuts
     D:4: 1015 daAuts
     D:5: 999 daAuts
    D:10: 980 daAuts
     D:3: 965 daAuts
     D:6: 831 daAuts
     D:7: 754 daAuts
  Bailey: 599 daAuts
    D:11: 211 daAuts
